Diables vs Sewer Rats
Created - March 12, 2020 at 23:49
Goals
|
Diables |
2 |
5 |
1 |
8 |
Sewer Rats |
1 |
1 |
1 |
3 |
|
Shots
|
Diables |
15 |
14 |
8 |
37 |
Sewer Rats |
11 |
24 |
8 |
43 |
|
1st period
1. Sewer Rats , Joel Edmundson 2 (Luke Witkowski 32, Steven Kampfer 40) at 14:13
2. Diables , Brandon Prust 34 (Mark Jankowski 15, Nikita Zadorov 7) at 15:43
3. Diables , Pavel Buchnevich 24 (Darroll Powe 16, Brock McGinn 39) at 18:11 (PP)
Penalties :
Jarred Tinordi (Tol) for Tripping (Minor) at 4:51, Daniel Carr (Tol) for Tripping (Minor) at 17:19
2nd period
4. Diables , Pavel Buchnevich 25 (Darroll Powe 17) at 0:37 (PP)
5. Sewer Rats , Stefan Elliott 3 (Tomas Tatar 34) at 6:08 (PP)
6. Diables , Max Domi 32 (Will Butcher 43) at 8:53
7. Diables , Brock McGinn 30 (Darroll Powe 18, Pavel Buchnevich 38) at 13:57
8. Diables , Mikko Lehtonen 16 (Max Domi 51, Zac Leslie 10) at 16:40
9. Diables , Darroll Powe 15 (Will Butcher 44, Pavel Buchnevich 39) at 17:58
Penalties :
Vincent Trocheck (Tol) for Slashing (Double Minor) at 0:11, Pavel Buchnevich (Alm) for High sticking (Minor) at 3:01, Eric Gustafsson (Alm) for Hooking (Minor) at 5:18, Tomas Tatar (Tol) for Hooking (Minor) at 19:57
3rd period
10. Diables , Pavel Buchnevich 26 (Darroll Powe 19) at 15:27 (PP)
11. Sewer Rats , Vincent Trocheck 27 (Tomas Tatar 35, Mark Mancari 47) at 19:09 (PP)
Penalties :
Pavel Buchnevich (Alm) for Delaying the game (Minor) at 6:19, Mikko Lehtonen (Alm) for Elbowing (Minor) at 10:40, Tyler Motte (Tol) for Interference (Minor) at 14:39, Max Domi (Alm) for Hooking (Minor) at 17:57
Goalie Stats
Mark Visentin (Alm), 40 saves from 43 shots - (0.930), W, 1-2-0, 60:00 minutes
Darcy Kuemper (Tol), 14 saves from 18 shots - (0.778), 31:07 minutes
Marek Mazanek (Tol), 15 saves from 19 shots - (0.789), L, 27-12-4, 28:53 minutes
Players Stats for Diables
Player Name G A P +/- PIM S H SB GA TA FO MP PP MP PK MP
------------------------------------------------------------------------------------
Alex Tuch 0 0 0 1 0 0 1 0 0 0 0/0 10:40 3:22 0:00
Brandon Prust 1 0 1 1 0 3 1 1 0 0 1/1 11:47 0:22 3:49
Brett Lernout 0 0 0 -1 0 0 0 0 0 1 0/0 4:48 0:00 0:32
Brock McGinn 1 1 2 2 0 2 2 0 0 0 2/2 22:24 4:16 1:18
C.J Suess 0 0 0 -1 0 1 2 2 0 0 0/1 6:23 0:00 0:00
Carl Gunnarsson 0 0 0 3 0 3 2 0 0 0 0/0 26:43 5:51 4:38
Chris Bigras 0 0 0 2 0 0 0 1 0 0 0/0 9:16 0:00 0:00
Daniel Zaar 0 0 0 -1 0 1 0 0 0 1 0/0 6:43 0:00 0:00
Darroll Powe 1 4 5 2 0 2 1 0 0 1 16/34 20:44 4:31 1:24
Eric Gustafsson 0 0 0 -1 2 0 0 1 0 0 0/0 8:38 0:00 4:06
Frederik Gauthier 0 0 0 2 0 2 3 0 1 0 9/20 20:52 3:22 4:21
Louis Leblanc 0 0 0 -1 0 0 0 2 1 0 1/3 6:43 0:00 0:07
Marc-André Bourdon 0 0 0 2 0 0 0 2 0 0 0/0 16:05 2:12 3:21
Mark Jankowski 0 1 1 1 0 1 3 1 0 0 2/7 11:44 0:13 2:07
Max Domi 1 1 2 2 2 5 1 1 1 0 0/3 16:30 3:22 0:00
Mikko Lehtonen 1 0 1 2 2 10 1 1 3 3 1/1 18:08 0:10 2:52
Nikita Zadorov 0 1 1 0 0 1 1 2 0 0 0/0 19:46 2:12 3:21
Pavel Buchnevich 3 2 5 2 4 4 2 0 1 1 2/3 19:19 4:31 0:00
Will Butcher 0 2 2 3 0 2 2 2 2 0 0/0 21:46 5:51 0:00
Zac Leslie 0 1 1 0 0 0 0 1 0 0 0/0 12:57 0:00 0:00
Players Stats for Sewer Rats
Player Name G A P +/- PIM S H SB GA TA FO MP PP MP PK MP
------------------------------------------------------------------------------------
Anthony Duclair 0 0 0 -1 0 1 0 0 0 0 0/1 6:31 0:00 0:00
Connor Carrick 0 0 0 0 0 0 0 1 0 0 0/0 4:48 0:00 0:13
Daniel Carr 0 0 0 -2 2 1 2 0 0 0 0/1 16:50 2:36 0:55
Dmitrij Jaskin 0 0 0 -1 0 1 0 1 1 0 0/0 7:18 0:39 0:00
Erik Condra 0 0 0 0 0 1 2 0 1 0 1/1 9:37 0:48 0:00
Jarred Tinordi 0 0 0 -4 2 5 1 2 0 0 0/0 26:29 5:18 4:23
Joel Edmundson 1 0 1 1 0 2 1 1 0 0 0/0 17:15 2:41 2:18
John Ramage 0 0 0 -1 0 0 1 0 0 0 0/0 11:15 0:00 0:55
Jonathan Marchessault 0 0 0 -2 0 3 3 0 0 0 5/11 15:41 2:36 0:00
Jonathan Racine 0 0 0 0 0 0 0 0 0 0 0/0 0:00 0:00 0:00
Joseph Blandisi 0 0 0 0 0 1 0 0 0 0 0/1 8:58 0:24 0:00
Luke Witkowski 0 1 1 -2 0 5 1 0 1 1 1/2 20:28 2:34 4:47
Mark Mancari 0 1 1 -1 0 8 1 1 2 1 6/11 24:49 4:44 4:47
Nick Cousins 0 0 0 0 0 2 1 0 0 0 4/5 10:32 0:08 1:28
Ryan Murphy 0 0 0 -1 0 2 0 0 0 1 0/0 10:49 0:00 0:27
Stefan Elliott 1 0 1 -4 0 2 0 1 1 1 0/0 27:37 5:18 5:32
Steven Kampfer 0 1 1 1 0 2 1 0 0 2 0/0 17:15 2:41 2:18
Tomas Tatar 0 2 2 -1 2 2 1 0 1 3 0/1 22:16 4:44 2:02
Tyler Motte 0 0 0 -1 2 0 1 0 0 0 2/2 6:30 0:00 0:00
Vincent Trocheck 1 0 1 -1 4 5 2 0 0 0 22/39 22:21 4:44 2:07
Xavier Ouellet 0 0 0 0 0 0 0 0 0 0 0/0 4:33 0:00 0:00
3 Stars
1 - Pavel Buchnevich (Alm)
2 - Darroll Powe (Alm)
3 - Brock McGinn (Alm)
Power Play
Diables - 3 on 6 Attempt(s) - 50.00%
Sewer Rats - 2 on 5 Attempt(s) - 40.00%
Penalty Kill
Diables - 3 on 5 Attempt(s) - 60.00%
- Score 0 goal in Penalty Kill
Sewer Rats - 3 on 6 Attempt(s) - 50.00%
- Score 0 goal in Penalty Kill
Team Stat
Diables - Hits : 22 - Faceoff Wins : 34 - Blocked Shots : 17 - Penalty Minutes : 10
Sewer Rats - Hits : 18 - Faceoff Wins : 41 - Blocked Shots : 7 - Penalty Minutes : 12
Official
Referees : Unknown
Linesman : Unknown
Game Notes
Darcy Kuemper enters game at 8:53 of 2nd period
Pavel Buchnevich has scored a Hat Trick!
Finance
Level 1 -- Attendance: 1634 (81.70%) -- Ticket Income $57,190
Level 2 -- Attendance: 953 (95.30%) -- Ticket Income $16,201
Total Attendance: 2587 (86.23%)
Total Ticket Income: $73,391
Other Income: $3,670
Total Income: $77,061
Diables
5 vs 5 Forward
Center Left Wing Right Wing Time % Phy DF OF
1 Darroll Powe Brock McGinn Pavel Buchnevich 40 1 2 2
2 Frederik Gauthier Max Domi Mikko Lehtonen 30 1 2 2
3 Mark Jankowski Brandon Prust Alex Tuch 20 1 2 2
4 Louis Leblanc C.J Suess Daniel Zaar 10 1 2 2
5 vs 5 Defense
Defense Defense Time % Phy DF OF
1 Carl Gunnarsson Will Butcher 40 1 2 2
2 Zac Leslie Nikita Zadorov 30 1 2 2
3 Chris Bigras Marc-André Bourdon 20 1 2 2
4 Brett Lernout Eric Gustafsson 10 1 2 2
PowerPlay Forward
Center Left Wing Right Wing Time % Phy DF OF
1 Darroll Powe Brock McGinn Pavel Buchnevich 60 1 2 2
2 Frederik Gauthier Max Domi Alex Tuch 40 1 2 2
PowerPlay Defense
Defense Defense Time % Phy DF OF
1 Carl Gunnarsson Will Butcher 60 1 2 2
2 Nikita Zadorov Marc-André Bourdon 40 1 2 2
Penalty Kill 4 Players Forward
Center Wing Time % Phy DF OF
1 Frederik Gauthier Mikko Lehtonen 60 1 2 2
2 Darroll Powe Brandon Prust 40 1 2 2
Penalty Kill 4 Players Defense
Defense Defense Time % Phy DF OF
1 Carl Gunnarsson Eric Gustafsson 60 1 2 2
2 Nikita Zadorov Marc-André Bourdon 40 1 2 2
Penalty Kill - 3 Players Forward
Forward Time % Phy DF OF
1 Darroll Powe 60 1 2 2
2 Frederik Gauthier 40 1 2 2
Penalty Kill - 3 Players Defense
Defense Defense Time % Phy DF OF
1 Carl Gunnarsson Eric Gustafsson 60 1 2 2
2 Zac Leslie Nikita Zadorov 40 1 2 2
4 vs 4 Forward
Center Wing Time % Phy DF OF
1 Max Domi Pavel Buchnevich 60 1 2 2
2 Louis Leblanc Brock McGinn 40 1 2 2
4 vs 4 Defense
Defense Defense Time % Phy DF OF
1 Will Butcher Eric Gustafsson 60 1 2 2
2 Zac Leslie Marc-André Bourdon 40 1 2 2
Last Minutes Offensive
Center Left Wing Right Wing Defense Defense
Darroll Powe Max Domi Pavel Buchnevich Carl Gunnarsson Will Butcher
Last Minutes Defensive
Center Left Wing Right Wing Defense Defense
Frederik Gauthier Brock McGinn Pavel Buchnevich Carl Gunnarsson Eric Gustafsson
Goaltenders
Starting : Mark Visentin
Backup : Alex Nedeljkovic
Extra Forwards
Normal : Max Domi, Mark Jankowski, Frederik Gauthier - PP : Max Domi, Mark Jankowski - PK : Frederik Gauthier
Extra Defensemen
Normal : Nikita Zadorov, Brett Lernout, Will Butcher - PP : Chris Bigras - PK : Brett Lernout, Zac Leslie
Penalty Shots
Darroll Powe, Pavel Buchnevich, Brock McGinn, Brandon Prust, Mikko Lehtonen
Scratches
Stephen Harper (Healthy), Emil Djuse (Healthy), Christian Thomas (Healthy), Cole Cassels (Healthy), Jeremy Gregoire (Healthy)
Connor Hurley (Healthy), Gustav Olofsson (Healthy), Andreas Johnsson (Healthy), Brett Ritchie (Healthy), Anders Bjork (Healthy)
Hunter Smith (Healthy), Jack Campbell (Healthy)
Sewer Rats
5 vs 5 Forward
Center Left Wing Right Wing Time % Phy DF OF
1 Vincent Trocheck Tomas Tatar Mark Mancari 40 1 2 2
2 Jonathan Marchessault Daniel Carr Luke Witkowski 30 1 2 2
3 Nick Cousins Joseph Blandisi Erik Condra 20 1 2 2
4 Tyler Motte Anthony Duclair Dmitrij Jaskin 10 1 2 2
5 vs 5 Defense
Defense Defense Time % Phy DF OF
1 Stefan Elliott Jarred Tinordi 40 1 2 2
2 Steven Kampfer Joel Edmundson 30 1 2 2
3 John Ramage Ryan Murphy 20 1 2 2
4 Connor Carrick Xavier Ouellet 10 1 2 2
PowerPlay Forward
Center Left Wing Right Wing Time % Phy DF OF
1 Vincent Trocheck Tomas Tatar Mark Mancari 60 1 2 2
2 Jonathan Marchessault Daniel Carr Luke Witkowski 40 1 2 2
PowerPlay Defense
Defense Defense Time % Phy DF OF
1 Stefan Elliott Jarred Tinordi 60 1 2 2
2 Steven Kampfer Joel Edmundson 40 1 2 2
Penalty Kill 4 Players Forward
Center Wing Time % Phy DF OF
1 Mark Mancari Luke Witkowski 60 1 2 2
2 Tomas Tatar Vincent Trocheck 40 1 2 2
Penalty Kill 4 Players Defense
Defense Defense Time % Phy DF OF
1 Stefan Elliott Jarred Tinordi 60 1 2 2
2 Steven Kampfer Joel Edmundson 40 1 2 2
Penalty Kill - 3 Players Forward
Forward Time % Phy DF OF
1 Mark Mancari 60 1 2 2
2 Luke Witkowski 40 1 2 2
Penalty Kill - 3 Players Defense
Defense Defense Time % Phy DF OF
1 Stefan Elliott Jarred Tinordi 60 1 2 2
2 Steven Kampfer Joel Edmundson 40 1 2 2
4 vs 4 Forward
Center Wing Time % Phy DF OF
1 Mark Mancari Luke Witkowski 60 1 2 2
2 Tomas Tatar Vincent Trocheck 40 1 2 2
4 vs 4 Defense
Defense Defense Time % Phy DF OF
1 Stefan Elliott Jarred Tinordi 60 1 2 2
2 Steven Kampfer Joel Edmundson 40 1 2 2
Last Minutes Offensive
Center Left Wing Right Wing Defense Defense
Vincent Trocheck Tomas Tatar Mark Mancari Stefan Elliott Jarred Tinordi
Last Minutes Defensive
Center Left Wing Right Wing Defense Defense
Vincent Trocheck Tomas Tatar Mark Mancari Stefan Elliott Jarred Tinordi
Goaltenders
Starting : Marek Mazanek
Backup : Darcy Kuemper
Extra Forwards
Normal : Erik Condra, Dmitrij Jaskin, Nick Cousins - PP : Erik Condra, Dmitrij Jaskin - PK : Nick Cousins
Extra Defensemen
Normal : Jonathan Racine, John Ramage, Ryan Murphy - PP : Jonathan Racine - PK : John Ramage, Ryan Murphy
Penalty Shots
Mark Mancari, Luke Witkowski, Tomas Tatar, Vincent Trocheck, Erik Condra
Scratches
Dominik Kubalik (Healthy), Josh Archibald (Healthy), Chris Calhan (Healthy), Jared McCann (Abdominal Strain Injury), Mark Friedman (Healthy)
Michael Dal Colle (Healthy), Matteson Iacopelli (Healthy), Sergei Kostenko (Healthy), Antoine Bibeau (Healthy)
% Time on Ice - Diables
Lines # - Real PCT - Wanted PCT - Time Play
Normal Forward
1 - 38% - 40% - 16:50
2 - 31% - 30% - 13:27
3 - 17% - 20% - 7:18
4 - 15% - 10% - 6:23
Normal Defense
1 - 37% - 40% - 16:14
2 - 32% - 30% - 14:13
3 - 21% - 20% - 9:16
4 - 10% - 10% - 4:15
PP Forward
1 - 58% - 60% - 4:40
2 - 42% - 40% - 3:23
PP Defense
1 - 73% - 60% - 5:51
2 - 27% - 40% - 2:12
PK Forward
1 - 82% - 60% - 6:35
2 - 18% - 40% - 1:24
PK Defense
1 - 58% - 60% - 4:38
2 - 42% - 40% - 3:21
PK3 Forward
1 - 0% - 60%
2 - 0% - 40%
PK3 Defense
1 - 0% - 60%
2 - 0% - 40%
44 Forward
1 - 0% - 60%
2 - 0% - 40%
44 Defense
1 - 0% - 60%
2 - 0% - 40%
Last Minute Offensive - 0:00
Last Minute Defensive - 0:00
Total
Forward - 60:00
Defense - 60:00
|
% Time on Ice - Sewer Rats
Lines # - Real PCT - Wanted PCT - Time Play
Normal Forward
1 - 36% - 40% - 15:49
2 - 30% - 30% - 13:06
3 - 19% - 20% - 8:32
4 - 15% - 10% - 6:31
Normal Defense
1 - 38% - 40% - 16:49
2 - 28% - 30% - 12:16
3 - 24% - 20% - 10:20
4 - 10% - 10% - 4:33
PP Forward
1 - 66% - 60% - 5:16
2 - 34% - 40% - 2:43
PP Defense
1 - 66% - 60% - 5:18
2 - 34% - 40% - 2:41
PK Forward
1 - 67% - 60% - 5:26
2 - 33% - 40% - 2:37
PK Defense
1 - 71% - 60% - 5:45
2 - 29% - 40% - 2:18
PK3 Forward
1 - 0% - 60%
2 - 0% - 40%
PK3 Defense
1 - 0% - 60%
2 - 0% - 40%
44 Forward
1 - 0% - 60%
2 - 0% - 40%
44 Defense
1 - 0% - 60%
2 - 0% - 40%
Last Minute Offensive - 0:00
Last Minute Defensive - 0:00
Total
Forward - 60:00
Defense - 60:00
|
Play-by-Play
1st period
0:01 of 1st period - Vincent Trocheck wins face-off versus Darroll Powe in neutral zone.
1:47 of 1st period - Icing by Zac Leslie.
1:48 of 1st period - Jonathan Marchessault wins face-off versus Darroll Powe in Diables zone.
2:13 of 1st period - Snap shot by Brock McGinn.
2:13 of 1st period - Shot Blocked by Connor Carrick.
2:59 of 1st period - Wrist shot by Mark Mancari.
2:59 of 1st period - Shot Misses the Net.
3:01 of 1st period - Snap shot by Vincent Trocheck.
3:01 of 1st period - Shot Misses the Net.
3:09 of 1st period - Wrist shot by Mark Mancari.
3:09 of 1st period - Stopped by Mark Visentin with a rebound.
3:17 of 1st period - Wrist shot by Tomas Tatar.
3:17 of 1st period - Shot Misses the Net.
3:29 of 1st period - Wrist shot by Mark Mancari.
3:29 of 1st period - Stopped by Mark Visentin without a rebound.
3:30 of 1st period - Nick Cousins wins face-off versus Frederik Gauthier in Diables zone.
3:40 of 1st period - Wrist shot by Nick Cousins.
3:40 of 1st period - Stopped by Mark Visentin with a rebound.
3:42 of 1st period - Slapshot by Stefan Elliott.
3:42 of 1st period - Shot Misses the Net.
3:56 of 1st period - Jarred Tinordi is hit by Brandon Prust and loses puck.
4:21 of 1st period - Wrist shot by Daniel Zaar.
4:21 of 1st period - Stopped by Marek Mazanek with a rebound.
4:23 of 1st period - Slapshot by Nikita Zadorov.
4:23 of 1st period - Deflect By C.J Suess.
4:23 of 1st period - Shot Misses the Net.
4:23 of 1st period - Puck is out of play.
4:24 of 1st period - Frederik Gauthier wins face-off versus Luke Witkowski in Sewer Rats zone.
4:51 of 1st period - Minor Penalty to Jarred Tinordi for Tripping.
4:52 of 1st period - Mark Mancari wins face-off versus Max Domi in Sewer Rats zone.
5:01 of 1st period - John Ramage is hit by Frederik Gauthier and loses puck.
5:28 of 1st period - Wrist shot by Tomas Tatar.
5:28 of 1st period - Shot Misses the Net.
6:00 of 1st period - Marc-André Bourdon is hit by Vincent Trocheck and loses puck.
6:43 of 1st period - Will Butcher is hit by Mark Mancari and loses puck.
6:51 of 1st period - Penalty to Jarred Tinordi is over, Jarred Tinordi is back on ice.
7:07 of 1st period - Mikko Lehtonen is hit by Steven Kampfer.
8:03 of 1st period - Snap shot by Erik Condra.
8:03 of 1st period - Stopped by Mark Visentin with a rebound.
8:05 of 1st period - Slapshot by Erik Condra.
8:05 of 1st period - Shot Hit the Post.
8:24 of 1st period - Off-side.
8:25 of 1st period - Vincent Trocheck wins face-off versus Louis Leblanc in neutral zone.
8:31 of 1st period - Backhand shot by Tomas Tatar.
8:31 of 1st period - Shot Misses the Net.
8:51 of 1st period - Erik Condra is hit by Will Butcher and loses puck.
9:14 of 1st period - Snap shot by Alex Tuch.
9:14 of 1st period - Shot Misses the Net.
9:56 of 1st period - Slapshot by Vincent Trocheck.
9:56 of 1st period - Stopped by Mark Visentin with a rebound.
10:10 of 1st period - Stefan Elliott is hit by Mark Jankowski and loses puck.
11:06 of 1st period - Snap shot by Mikko Lehtonen.
11:06 of 1st period - Stopped by Marek Mazanek with a rebound.
11:08 of 1st period - Wrist shot by Mikko Lehtonen.
11:08 of 1st period - Stopped by Marek Mazanek with a rebound.
11:14 of 1st period - Slapshot by Frederik Gauthier.
11:14 of 1st period - Stopped by Marek Mazanek with a rebound.
11:16 of 1st period - Slapshot by Will Butcher.
11:16 of 1st period - Stopped by Marek Mazanek with a rebound.
11:24 of 1st period - Snap shot by Max Domi.
11:24 of 1st period - Stopped by Marek Mazanek with a rebound.
11:26 of 1st period - Slapshot by Frederik Gauthier.
11:26 of 1st period - Shot Misses the Net.
11:28 of 1st period - Snap shot by Max Domi.
11:28 of 1st period - Shot Blocked by Mark Mancari.
11:30 of 1st period - Snap shot by Mikko Lehtonen.
11:30 of 1st period - Stopped by Marek Mazanek with a rebound.
11:32 of 1st period - Snap shot by Carl Gunnarsson.
11:32 of 1st period - Deflect By Tomas Tatar.
11:32 of 1st period - Stopped by Marek Mazanek with a rebound.
11:34 of 1st period - Backhand shot by Carl Gunnarsson.
11:34 of 1st period - Shot Misses the Net.
11:36 of 1st period - Wrist shot by Max Domi.
11:36 of 1st period - Shot Misses the Net.
11:38 of 1st period - Wrist shot by Mikko Lehtonen.
11:38 of 1st period - Stopped by Marek Mazanek without a rebound.
11:39 of 1st period - Darroll Powe wins face-off versus Jonathan Marchessault in Sewer Rats zone.
12:09 of 1st period - Zac Leslie is hit by Jarred Tinordi and loses puck.
12:26 of 1st period - Snap shot by Alex Tuch.
12:26 of 1st period - Shot Misses the Net.
12:28 of 1st period - Slapshot by Nikita Zadorov.
12:28 of 1st period - Shot Misses the Net.
12:30 of 1st period - Snap shot by C.J Suess.
12:30 of 1st period - Stopped by Marek Mazanek without a rebound.
12:31 of 1st period - Vincent Trocheck wins face-off versus C.J Suess in Sewer Rats zone.
12:31 of 1st period - Vincent Trocheck is hit by C.J Suess.
13:18 of 1st period - Louis Leblanc is hit by Joel Edmundson and loses puck.
13:23 of 1st period - Snap shot by Daniel Carr.
13:23 of 1st period - Shot Blocked by C.J Suess.
13:41 of 1st period - Slapshot by Jonathan Marchessault.
13:41 of 1st period - Stopped by Mark Visentin with a rebound.
13:43 of 1st period - Slapshot by Jonathan Marchessault.
13:43 of 1st period - Shot Blocked by C.J Suess.
13:45 of 1st period - Snap shot by Luke Witkowski.
13:45 of 1st period - Stopped by Mark Visentin with a rebound.
13:47 of 1st period - Wrist shot by Luke Witkowski.
13:47 of 1st period - Stopped by Mark Visentin with a rebound.
13:49 of 1st period - Slapshot by Steven Kampfer.
13:49 of 1st period - Shot Blocked by Louis Leblanc.
13:59 of 1st period - Wrist shot by Luke Witkowski.
13:59 of 1st period - Shot Misses the Net.
14:01 of 1st period - Slapshot by Joel Edmundson.
14:01 of 1st period - Shot Misses the Net.
14:03 of 1st period - Slapshot by Joel Edmundson.
14:03 of 1st period - Shot Misses the Net.
14:05 of 1st period - Snap shot by Steven Kampfer.
14:05 of 1st period - Stopped by Mark Visentin with a rebound.
14:07 of 1st period - Slapshot by Joel Edmundson.
14:07 of 1st period - Shot Misses the Net.
14:09 of 1st period - Snap shot by Luke Witkowski.
14:09 of 1st period - Shot Misses the Net.
14:11 of 1st period - Snap shot by Joel Edmundson.
14:11 of 1st period - Shot Blocked by Louis Leblanc.
14:13 of 1st period - Slapshot by Joel Edmundson.
14:13 of 1st period - Goal by Joel Edmundson - Diables : 0 - Sewer Rats : 1.
14:14 of 1st period - Darroll Powe wins face-off versus Vincent Trocheck in neutral zone.
14:39 of 1st period - Nick Cousins is hit by Max Domi and loses puck.
14:46 of 1st period - Snap shot by Mikko Lehtonen.
14:46 of 1st period - Deflect By Max Domi.
14:46 of 1st period - Shot Misses the Net.
14:46 of 1st period - Puck is out of play.
14:47 of 1st period - Vincent Trocheck wins face-off versus Max Domi in Sewer Rats zone.
15:14 of 1st period - Chris Bigras is hit by Erik Condra.
15:41 of 1st period - Slapshot by Mark Jankowski.
15:41 of 1st period - Shot Blocked by Jarred Tinordi.
15:43 of 1st period - Snap shot by Mark Jankowski.
15:43 of 1st period - Deflect By Brandon Prust.
15:43 of 1st period - Goal by Brandon Prust - Diables : 1 - Sewer Rats : 1.
15:44 of 1st period - Darroll Powe wins face-off versus Vincent Trocheck in neutral zone.
15:47 of 1st period - Snap shot by Darroll Powe.
15:47 of 1st period - Shot Misses the Net.
15:49 of 1st period - Slapshot by Carl Gunnarsson.
15:49 of 1st period - Stopped by Marek Mazanek without a rebound.
15:50 of 1st period - Darroll Powe wins face-off versus Vincent Trocheck in Sewer Rats zone.
16:42 of 1st period - Snap shot by Nick Cousins.
16:42 of 1st period - Stopped by Mark Visentin with a rebound.
16:44 of 1st period - Slapshot by John Ramage.
16:44 of 1st period - Deflect By Nick Cousins.
16:44 of 1st period - Shot Blocked by Brandon Prust.
16:44 of 1st period - Puck is out of play.
16:45 of 1st period - Brock McGinn wins face-off versus Vincent Trocheck in Diables zone.
16:53 of 1st period - Slapshot by Nikita Zadorov.
16:53 of 1st period - Stopped by Marek Mazanek with a rebound.
17:11 of 1st period - Nikita Zadorov is hit by Luke Witkowski and loses puck.
17:19 of 1st period - Minor Penalty to Daniel Carr for Tripping.
17:20 of 1st period - Mark Mancari wins face-off versus Darroll Powe in Sewer Rats zone.
17:47 of 1st period - Icing by Frederik Gauthier.
17:48 of 1st period - Mark Mancari wins face-off versus Frederik Gauthier in Diables zone.
18:11 of 1st period - Slapshot by Pavel Buchnevich.
18:11 of 1st period - Goal by Pavel Buchnevich - Diables : 2 - Sewer Rats : 1.
18:12 of 1st period - Vincent Trocheck wins face-off versus Darroll Powe in neutral zone.
19:11 of 1st period - Slapshot by Brandon Prust.
19:11 of 1st period - Stopped by Marek Mazanek with a rebound.
19:27 of 1st period - Dmitrij Jaskin is hit by C.J Suess and loses puck.
19:46 of 1st period - Slapshot by Stefan Elliott.
19:46 of 1st period - Shot Blocked by Zac Leslie.
Goals for this period are 2 for Diables vs 1 for Sewer Rats.
Shots for this period are 15 for Diables vs 11 for Sewer Rats.
2nd period
0:01 of 2nd period - Darroll Powe wins face-off versus Vincent Trocheck in neutral zone.
0:11 of 2nd period - Double Minor Penalty to Vincent Trocheck for Slashing.
0:12 of 2nd period - Mark Mancari wins face-off versus Darroll Powe in Sewer Rats zone.
0:17 of 2nd period - Icing by Brock McGinn.
0:18 of 2nd period - Darroll Powe wins face-off versus Mark Mancari in Diables zone.
0:33 of 2nd period - Slapshot by Carl Gunnarsson.
0:33 of 2nd period - Deflect By Brock McGinn.
0:33 of 2nd period - Shot Blocked by Stefan Elliott.
0:33 of 2nd period - Puck is out of play.
0:34 of 2nd period - Darroll Powe wins face-off versus Mark Mancari in Sewer Rats zone.
0:35 of 2nd period - Snap shot by Pavel Buchnevich.
0:35 of 2nd period - Shot Blocked by Jarred Tinordi.
0:37 of 2nd period - Slapshot by Pavel Buchnevich.
0:37 of 2nd period - Goal by Pavel Buchnevich - Diables : 3 - Sewer Rats : 1.
0:38 of 2nd period - Darroll Powe wins face-off versus Mark Mancari in neutral zone.
1:14 of 2nd period - Snap shot by Will Butcher.
1:14 of 2nd period - Deflect By Jarred Tinordi.
1:14 of 2nd period - Stopped by Marek Mazanek without a rebound.
1:15 of 2nd period - Brock McGinn wins face-off versus Tomas Tatar in Sewer Rats zone.
1:26 of 2nd period - Steven Kampfer is hit by Pavel Buchnevich and loses puck.
2:37 of 2nd period - Penalty to Vincent Trocheck is over, Vincent Trocheck is back on ice.
2:43 of 2nd period - Slapshot by Stefan Elliott.
2:43 of 2nd period - Stopped by Mark Visentin with a rebound.
2:45 of 2nd period - Slapshot by Jarred Tinordi.
2:45 of 2nd period - Stopped by Mark Visentin without a rebound.
2:46 of 2nd period - Tyler Motte wins face-off versus Louis Leblanc in Diables zone.
2:51 of 2nd period - Snap shot by Dmitrij Jaskin.
2:51 of 2nd period - Stopped by Mark Visentin without a rebound.
2:52 of 2nd period - Vincent Trocheck wins face-off versus Darroll Powe in Diables zone.
2:59 of 2nd period - Wrist shot by Tomas Tatar.
2:59 of 2nd period - Shot Blocked by Eric Gustafsson.
3:01 of 2nd period - Minor Penalty to Pavel Buchnevich for High sticking.
3:02 of 2nd period - Vincent Trocheck wins face-off versus Frederik Gauthier in Diables zone.
3:05 of 2nd period - Snap shot by Tomas Tatar.
3:05 of 2nd period - Shot Misses the Net.
4:22 of 2nd period - Carl Gunnarsson is hit by Tomas Tatar and loses puck.
5:01 of 2nd period - Penalty to Pavel Buchnevich is over, Pavel Buchnevich is back on ice.
5:07 of 2nd period - Carl Gunnarsson is hit by Nick Cousins and loses puck.
5:18 of 2nd period - Minor Penalty to Eric Gustafsson for Hooking.
5:19 of 2nd period - Vincent Trocheck wins face-off versus Frederik Gauthier in Diables zone.
5:44 of 2nd period - Wrist shot by Jonathan Marchessault.
5:44 of 2nd period - Stopped by Mark Visentin without a rebound.
5:45 of 2nd period - Darroll Powe wins face-off versus Jonathan Marchessault in Diables zone.
5:53 of 2nd period - Off-side.
5:54 of 2nd period - Frederik Gauthier wins face-off versus Vincent Trocheck in neutral zone.
5:56 of 2nd period - Off-side.
5:57 of 2nd period - Frederik Gauthier wins face-off versus Vincent Trocheck in neutral zone.
6:08 of 2nd period - Wrist shot by Stefan Elliott.
6:08 of 2nd period - Deflect By Frederik Gauthier.
6:08 of 2nd period - Goal by Stefan Elliott - Diables : 3 - Sewer Rats : 2.
6:09 of 2nd period - Vincent Trocheck wins face-off versus Darroll Powe in neutral zone.
6:34 of 2nd period - Frederik Gauthier is hit by Daniel Carr.
6:40 of 2nd period - Slapshot by Max Domi.
6:40 of 2nd period - Stopped by Marek Mazanek with a rebound.
7:02 of 2nd period - Erik Condra is hit by Alex Tuch and loses puck.
7:25 of 2nd period - Wrist shot by Mark Mancari.
7:25 of 2nd period - Stopped by Mark Visentin with a rebound.
7:27 of 2nd period - Slapshot by Steven Kampfer.
7:27 of 2nd period - Stopped by Mark Visentin without a rebound.
7:28 of 2nd period - Pavel Buchnevich wins face-off versus Vincent Trocheck in Diables zone.
7:54 of 2nd period - Vincent Trocheck is hit by Mikko Lehtonen.
8:09 of 2nd period - Off-side.
8:10 of 2nd period - Mark Jankowski wins face-off versus Daniel Carr in neutral zone.
8:15 of 2nd period - Wrist shot by Luke Witkowski.
8:15 of 2nd period - Deflect By Jonathan Marchessault.
8:15 of 2nd period - Shot Blocked by Nikita Zadorov.
8:15 of 2nd period - Puck is out of play.
8:16 of 2nd period - Darroll Powe wins face-off versus Jonathan Marchessault in Diables zone.
8:22 of 2nd period - Off-side.
8:23 of 2nd period - Vincent Trocheck wins face-off versus Darroll Powe in neutral zone.
8:30 of 2nd period - Slapshot by Vincent Trocheck.
8:30 of 2nd period - Stopped by Mark Visentin with a rebound.
8:48 of 2nd period - Jarred Tinordi is hit by Carl Gunnarsson and loses puck.
8:53 of 2nd period - Wrist shot by Max Domi.
8:53 of 2nd period - Goal by Max Domi - Diables : 4 - Sewer Rats : 2.
8:53 of 2nd period - Darcy Kuemper enters game.
8:54 of 2nd period - Vincent Trocheck wins face-off versus Darroll Powe in neutral zone.
9:59 of 2nd period - Snap shot by Vincent Trocheck.
9:59 of 2nd period - Shot Misses the Net.
10:01 of 2nd period - Snap shot by Mark Mancari.
10:01 of 2nd period - Stopped by Mark Visentin with a rebound.
10:03 of 2nd period - Snap shot by Vincent Trocheck.
10:03 of 2nd period - Shot Misses the Net.
10:05 of 2nd period - Snap shot by Tomas Tatar.
10:05 of 2nd period - Stopped by Mark Visentin with a rebound.
10:07 of 2nd period - Slapshot by Tomas Tatar.
10:07 of 2nd period - Shot Misses the Net.
10:09 of 2nd period - Wrist shot by Mark Mancari.
10:09 of 2nd period - Shot Blocked by Chris Bigras.
10:11 of 2nd period - Slapshot by Tomas Tatar.
10:11 of 2nd period - Shot Blocked by Mikko Lehtonen.
10:13 of 2nd period - Snap shot by Tomas Tatar.
10:13 of 2nd period - Shot Blocked by Marc-André Bourdon.
10:15 of 2nd period - Slapshot by Ryan Murphy.
10:15 of 2nd period - Stopped by Mark Visentin without a rebound.
10:16 of 2nd period - Darroll Powe wins face-off versus Jonathan Marchessault in Diables zone.
10:23 of 2nd period - Slapshot by Jonathan Marchessault.
10:23 of 2nd period - Shot Hit the Post.
10:25 of 2nd period - Slapshot by Ryan Murphy.
10:25 of 2nd period - Stopped by Mark Visentin without a rebound.
10:26 of 2nd period - Luke Witkowski wins face-off versus Darroll Powe in Diables zone.
11:11 of 2nd period - Wrist shot by Jonathan Marchessault.
11:11 of 2nd period - Stopped by Mark Visentin with a rebound.
11:13 of 2nd period - Slapshot by Ryan Murphy.
11:13 of 2nd period - Shot Blocked by Will Butcher.
11:15 of 2nd period - Wrist shot by Luke Witkowski.
11:15 of 2nd period - Shot Misses the Net.
11:17 of 2nd period - Snap shot by Jonathan Marchessault.
11:17 of 2nd period - Deflect By Luke Witkowski.
11:17 of 2nd period - Stopped by Mark Visentin without a rebound.
11:18 of 2nd period - Frederik Gauthier wins face-off versus Joseph Blandisi in Diables zone.
11:22 of 2nd period - Off-side.
11:23 of 2nd period - Erik Condra wins face-off versus Max Domi in neutral zone.
11:44 of 2nd period - Icing by Mikko Lehtonen.
11:45 of 2nd period - Vincent Trocheck wins face-off versus Frederik Gauthier in Diables zone.
12:12 of 2nd period - Snap shot by Max Domi.
12:12 of 2nd period - Stopped by Darcy Kuemper with a rebound.
12:42 of 2nd period - Snap shot by Mikko Lehtonen.
12:42 of 2nd period - Stopped by Darcy Kuemper with a rebound.
12:48 of 2nd period - Slapshot by Max Domi.
12:48 of 2nd period - Stopped by Darcy Kuemper without a rebound.
12:49 of 2nd period - Jonathan Marchessault wins face-off versus Darroll Powe in Sewer Rats zone.
12:56 of 2nd period - Wrist shot by Daniel Carr.
12:56 of 2nd period - Stopped by Mark Visentin without a rebound.
12:57 of 2nd period - Darroll Powe wins face-off versus Jonathan Marchessault in Diables zone.
12:57 of 2nd period - Darroll Powe is hit by Jonathan Marchessault.
13:05 of 2nd period - Daniel Carr is hit by Darroll Powe and loses puck.
13:55 of 2nd period - Snap shot by Darroll Powe.
13:55 of 2nd period - Shot Misses the Net.
13:57 of 2nd period - Wrist shot by Brock McGinn.
13:57 of 2nd period - Goal by Brock McGinn - Diables : 5 - Sewer Rats : 2.
13:58 of 2nd period - Vincent Trocheck wins face-off versus Mark Jankowski in neutral zone.
14:02 of 2nd period - Off-side.
14:03 of 2nd period - Mark Jankowski wins face-off versus Vincent Trocheck in neutral zone.
14:08 of 2nd period - Slapshot by Brandon Prust.
14:08 of 2nd period - Stopped by Darcy Kuemper without a rebound.
14:09 of 2nd period - Darroll Powe wins face-off versus Vincent Trocheck in Sewer Rats zone.
14:41 of 2nd period - Slapshot by Jarred Tinordi.
14:41 of 2nd period - Deflect By Nikita Zadorov.
14:41 of 2nd period - Stopped by Mark Visentin with a rebound.
14:43 of 2nd period - Slapshot by John Ramage.
14:43 of 2nd period - Shot Misses the Net.
14:45 of 2nd period - Slapshot by Joseph Blandisi.
14:45 of 2nd period - Stopped by Mark Visentin without a rebound.
14:46 of 2nd period - Nick Cousins wins face-off versus Mark Jankowski in Diables zone.
15:02 of 2nd period - Icing by Nick Cousins.
15:03 of 2nd period - Nick Cousins wins face-off versus Darroll Powe in Sewer Rats zone.
15:20 of 2nd period - Chris Bigras is hit by John Ramage and loses puck.
15:31 of 2nd period - Wrist shot by Nick Cousins.
15:31 of 2nd period - Deflect By Pavel Buchnevich.
15:31 of 2nd period - Shot Misses the Net.
15:31 of 2nd period - Puck is out of play.
15:32 of 2nd period - Frederik Gauthier wins face-off versus Vincent Trocheck in Diables zone.
15:57 of 2nd period - Frederik Gauthier is hit by Tyler Motte and loses puck.
16:15 of 2nd period - Jonathan Marchessault is hit by Frederik Gauthier and loses puck.
16:26 of 2nd period - Snap shot by Mikko Lehtonen.
16:26 of 2nd period - Stopped by Darcy Kuemper with a rebound.
16:34 of 2nd period - Snap shot by Mikko Lehtonen.
16:34 of 2nd period - Stopped by Darcy Kuemper with a rebound.
16:38 of 2nd period - Slapshot by Mikko Lehtonen.
16:38 of 2nd period - Stopped by Darcy Kuemper with a rebound.
16:40 of 2nd period - Snap shot by Mikko Lehtonen.
16:40 of 2nd period - Deflect By Jonathan Marchessault.
16:40 of 2nd period - Goal by Mikko Lehtonen - Diables : 6 - Sewer Rats : 2.
16:41 of 2nd period - Vincent Trocheck wins face-off versus Darroll Powe in neutral zone.
16:55 of 2nd period - Off-side.
16:56 of 2nd period - Jonathan Marchessault wins face-off versus Mark Jankowski in neutral zone.
17:22 of 2nd period - Mark Mancari is hit by Will Butcher and loses puck.
17:52 of 2nd period - Off-side.
17:53 of 2nd period - Pavel Buchnevich wins face-off versus Vincent Trocheck in neutral zone.
17:58 of 2nd period - Wrist shot by Darroll Powe.
17:58 of 2nd period - Goal by Darroll Powe - Diables : 7 - Sewer Rats : 2.
17:59 of 2nd period - Vincent Trocheck wins face-off versus Pavel Buchnevich in neutral zone.
18:25 of 2nd period - Alex Tuch is hit by Daniel Carr and loses puck.
18:58 of 2nd period - Snap shot by Max Domi.
18:58 of 2nd period - Shot Misses the Net.
19:36 of 2nd period - Backhand shot by Vincent Trocheck.
19:36 of 2nd period - Stopped by Mark Visentin with a rebound.
19:38 of 2nd period - Slapshot by Jarred Tinordi.
19:38 of 2nd period - Stopped by Mark Visentin without a rebound.
19:39 of 2nd period - Vincent Trocheck wins face-off versus Darroll Powe in Diables zone.
19:40 of 2nd period - Slapshot by Mark Mancari.
19:40 of 2nd period - Stopped by Mark Visentin with a rebound.
19:42 of 2nd period - Slapshot by Jarred Tinordi.
19:42 of 2nd period - Stopped by Mark Visentin with a rebound.
19:44 of 2nd period - Slapshot by Jarred Tinordi.
19:44 of 2nd period - Stopped by Mark Visentin with a rebound.
19:46 of 2nd period - Wrist shot by Mark Mancari.
19:46 of 2nd period - Stopped by Mark Visentin without a rebound.
19:47 of 2nd period - Vincent Trocheck wins face-off versus Darroll Powe in Diables zone.
19:50 of 2nd period - Snap shot by Mark Mancari.
19:50 of 2nd period - Stopped by Mark Visentin without a rebound.
19:51 of 2nd period - Vincent Trocheck wins face-off versus Darroll Powe in Diables zone.
19:57 of 2nd period - Minor Penalty to Tomas Tatar for Hooking.
19:58 of 2nd period - Mark Mancari wins face-off versus Darroll Powe in Sewer Rats zone.
Goals for this period are 5 for Diables vs 1 for Sewer Rats.
Shots for this period are 14 for Diables vs 24 for Sewer Rats.
3rd period
0:01 of 3rd period - Darroll Powe wins face-off versus Mark Mancari in neutral zone.
0:32 of 3rd period - Jarred Tinordi is hit by Carl Gunnarsson and loses puck.
0:59 of 3rd period - Joel Edmundson is hit by Frederik Gauthier and loses puck.
1:20 of 3rd period - Stefan Elliott is hit by Brock McGinn and loses puck.
1:48 of 3rd period - Snap shot by Darroll Powe.
1:48 of 3rd period - Stopped by Darcy Kuemper with a rebound.
1:50 of 3rd period - Wrist shot by Carl Gunnarsson.
1:50 of 3rd period - Shot Misses the Net.
1:52 of 3rd period - Slapshot by Carl Gunnarsson.
1:52 of 3rd period - Shot Misses the Net.
1:54 of 3rd period - Slapshot by Carl Gunnarsson.
1:54 of 3rd period - Shot Misses the Net.
1:57 of 3rd period - Penalty to Tomas Tatar is over, Tomas Tatar is back on ice.
2:08 of 3rd period - Wrist shot by Pavel Buchnevich.
2:08 of 3rd period - Stopped by Darcy Kuemper with a rebound.
2:10 of 3rd period - Slapshot by Carl Gunnarsson.
2:10 of 3rd period - Stopped by Darcy Kuemper without a rebound.
2:11 of 3rd period - Nick Cousins wins face-off versus Mark Jankowski in Sewer Rats zone.
2:26 of 3rd period - Off-side.
2:27 of 3rd period - Frederik Gauthier wins face-off versus Anthony Duclair in neutral zone.
2:32 of 3rd period - Slapshot by Mikko Lehtonen.
2:32 of 3rd period - Shot Misses the Net.
2:59 of 3rd period - Alex Tuch is hit by Jonathan Marchessault.
3:44 of 3rd period - Off-side.
3:45 of 3rd period - Tyler Motte wins face-off versus Frederik Gauthier in neutral zone.
3:58 of 3rd period - Snap shot by Dmitrij Jaskin.
3:58 of 3rd period - Shot Misses the Net.
4:17 of 3rd period - Snap shot by Mark Mancari.
4:17 of 3rd period - Shot Misses the Net.
4:44 of 3rd period - Luke Witkowski is hit by Mark Jankowski and loses puck.
5:09 of 3rd period - Max Domi is hit by Jonathan Marchessault and loses puck.
5:38 of 3rd period - Wrist shot by Luke Witkowski.
5:38 of 3rd period - Shot Misses the Net.
5:40 of 3rd period - Snap shot by Luke Witkowski.
5:40 of 3rd period - Shot Blocked by Max Domi.
6:04 of 3rd period - Snap shot by Jonathan Marchessault.
6:04 of 3rd period - Shot Misses the Net.
6:06 of 3rd period - Slapshot by John Ramage.
6:06 of 3rd period - Deflect By Jonathan Marchessault.
6:06 of 3rd period - Shot Misses the Net.
6:06 of 3rd period - Puck is out of play.
6:07 of 3rd period - Vincent Trocheck wins face-off versus Darroll Powe in Diables zone.
6:19 of 3rd period - Minor Penalty to Pavel Buchnevich for Delaying the game.
6:20 of 3rd period - Darroll Powe wins face-off versus Vincent Trocheck in Diables zone.
7:32 of 3rd period - Brock McGinn is hit by Erik Condra and loses puck.
8:01 of 3rd period - Jarred Tinordi is hit by Nikita Zadorov and loses puck.
8:19 of 3rd period - Penalty to Pavel Buchnevich is over, Pavel Buchnevich is back on ice.
8:45 of 3rd period - John Ramage is hit by Brock McGinn and loses puck.
10:31 of 3rd period - Off-side.
10:32 of 3rd period - Mikko Lehtonen wins face-off versus Nick Cousins in neutral zone.
10:40 of 3rd period - Minor Penalty to Mikko Lehtonen for Elbowing.
10:41 of 3rd period - Frederik Gauthier wins face-off versus Vincent Trocheck in Diables zone.
10:45 of 3rd period - Off-side.
10:46 of 3rd period - Brandon Prust wins face-off versus Vincent Trocheck in neutral zone.
11:26 of 3rd period - Icing by Jonathan Marchessault.
11:27 of 3rd period - Jonathan Marchessault wins face-off versus Mark Jankowski in Sewer Rats zone.
11:32 of 3rd period - Slapshot by Stefan Elliott.
11:32 of 3rd period - Shot Misses the Net.
11:38 of 3rd period - Snap shot by Daniel Carr.
11:38 of 3rd period - Deflect By Luke Witkowski.
11:38 of 3rd period - Shot Blocked by Nikita Zadorov.
11:38 of 3rd period - Puck is out of play.
11:39 of 3rd period - Vincent Trocheck wins face-off versus Frederik Gauthier in Diables zone.
11:50 of 3rd period - Snap shot by Vincent Trocheck.
11:50 of 3rd period - Shot Misses the Net.
11:52 of 3rd period - Snap shot by Joel Edmundson.
11:52 of 3rd period - Stopped by Mark Visentin with a rebound.
12:40 of 3rd period - Penalty to Mikko Lehtonen is over, Mikko Lehtonen is back on ice.
13:06 of 3rd period - Connor Carrick is hit by Mark Jankowski and loses puck.
13:33 of 3rd period - Wrist shot by Luke Witkowski.
13:33 of 3rd period - Stopped by Mark Visentin with a rebound.
13:58 of 3rd period - Wrist shot by Brock McGinn.
13:58 of 3rd period - Shot Misses the Net.
14:16 of 3rd period - Wrist shot by Brock McGinn.
14:16 of 3rd period - Stopped by Darcy Kuemper with a rebound.
14:18 of 3rd period - Slapshot by Eric Gustafsson.
14:18 of 3rd period - Deflect By Mikko Lehtonen.
14:18 of 3rd period - Stopped by Darcy Kuemper with a rebound.
14:20 of 3rd period - Snap shot by Mikko Lehtonen.
14:20 of 3rd period - Shot Misses the Net.
14:22 of 3rd period - Snap shot by Mark Jankowski.
14:22 of 3rd period - Stopped by Darcy Kuemper with a rebound.
14:24 of 3rd period - Wrist shot by Mark Jankowski.
14:24 of 3rd period - Shot Blocked by Dmitrij Jaskin.
14:39 of 3rd period - Minor Penalty to Tyler Motte for Interference.
14:40 of 3rd period - Mark Mancari wins face-off versus Frederik Gauthier in Sewer Rats zone.
14:56 of 3rd period - Wrist shot by Max Domi.
14:56 of 3rd period - Shot Misses the Net.
15:22 of 3rd period - Jarred Tinordi is hit by Pavel Buchnevich and loses puck.
15:27 of 3rd period - Wrist shot by Pavel Buchnevich.
15:27 of 3rd period - Goal by Pavel Buchnevich - Diables : 8 - Sewer Rats : 2.
15:28 of 3rd period - Louis Leblanc wins face-off versus Vincent Trocheck in neutral zone.
15:28 of 3rd period - Will Butcher is hit by Vincent Trocheck and loses puck.
15:38 of 3rd period - Wrist shot by Daniel Zaar.
15:38 of 3rd period - Shot Misses the Net.
15:40 of 3rd period - Slapshot by Will Butcher.
15:40 of 3rd period - Shot Misses the Net.
16:20 of 3rd period - Snap shot by Louis Leblanc.
16:20 of 3rd period - Deflect By Brandon Prust.
16:20 of 3rd period - Shot Blocked by Joel Edmundson.
16:20 of 3rd period - Puck is out of play.
16:21 of 3rd period - Vincent Trocheck wins face-off versus Frederik Gauthier in Sewer Rats zone.
16:48 of 3rd period - Snap shot by Luke Witkowski.
16:48 of 3rd period - Shot Misses the Net.
16:50 of 3rd period - Snap shot by Luke Witkowski.
16:50 of 3rd period - Shot Misses the Net.
16:52 of 3rd period - Slapshot by Luke Witkowski.
16:52 of 3rd period - Shot Blocked by Mark Jankowski.
17:38 of 3rd period - Wrist shot by Anthony Duclair.
17:38 of 3rd period - Stopped by Mark Visentin with a rebound.
17:40 of 3rd period - Slapshot by Mark Mancari.
17:40 of 3rd period - Deflect By Will Butcher.
17:40 of 3rd period - Stopped by Mark Visentin without a rebound.
17:41 of 3rd period - Frederik Gauthier wins face-off versus Vincent Trocheck in Diables zone.
17:48 of 3rd period - Wrist shot by Tomas Tatar.
17:48 of 3rd period - Deflect By Marc-André Bourdon.
17:48 of 3rd period - Stopped by Mark Visentin with a rebound.
17:50 of 3rd period - Slapshot by Jarred Tinordi.
17:50 of 3rd period - Shot Blocked by Marc-André Bourdon.
17:57 of 3rd period - Minor Penalty to Max Domi for Hooking.
17:58 of 3rd period - Vincent Trocheck wins face-off versus Frederik Gauthier in Diables zone.
18:07 of 3rd period - Icing by Jarred Tinordi.
18:08 of 3rd period - Frederik Gauthier wins face-off versus Mark Mancari in Sewer Rats zone.
18:11 of 3rd period - Wrist shot by Mikko Lehtonen.
18:11 of 3rd period - Deflect By Frederik Gauthier.
18:11 of 3rd period - Stopped by Darcy Kuemper with a rebound.
18:51 of 3rd period - Backhand shot by Vincent Trocheck.
18:51 of 3rd period - Stopped by Mark Visentin with a rebound.
19:07 of 3rd period - Backhand shot by Tomas Tatar.
19:07 of 3rd period - Shot Misses the Net.
19:09 of 3rd period - Slapshot by Vincent Trocheck.
19:09 of 3rd period - Goal by Vincent Trocheck - Diables : 8 - Sewer Rats : 3.
19:10 of 3rd period - Jonathan Marchessault wins face-off versus Frederik Gauthier in neutral zone.
19:19 of 3rd period - Snap shot by Daniel Carr.
19:19 of 3rd period - Shot Blocked by Will Butcher.
19:21 of 3rd period - Wrist shot by Luke Witkowski.
19:21 of 3rd period - Stopped by Mark Visentin without a rebound.
19:22 of 3rd period - Darroll Powe wins face-off versus Jonathan Marchessault in Diables zone.
Goals for this period are 1 for Diables vs 1 for Sewer Rats.
Shots for this period are 8 for Diables vs 8 for Sewer Rats.
Back to the Top